 Dungeon Crawl Stone Soup version 0.30.0-29-ga12c61a403 (webtiles) character file.

Game seed: 3569235114365562161

191 qw the Chopper (level 5, -4/32 HPs)
             Began as a Gargoyle Fighter on June 4, 2023.
             Slain by an ogre
             ... wielding a +0 giant club
              (8 damage)
             ... on level 4 of the Dungeon.
             The game lasted 00:01:31 (2648 turns).

qw the Chopper (Gargoyle Fighter)                   Turns: 2648, Time: 00:01:32

Health: -4/32      AC: 12    Str: 22    XL:     5   Next: 70%
Magic:  5/5        EV:  9    Int:  8    God:
Gold:   162        SH:  9    Dex:  9    Spells: 4/4 levels left

rFire   . . .        Y - +0 war axe
rCold   + . .        c - +0 buckler
rNeg    + . .        b - +0 scale mail
rPois   inf          (no helmet)
rElec   +            (no cloak)
rCorr   .            m - +0 pair of gloves
SInv    .            (no boots)
Will    +....        i - amulet of reflection Stlth
                     o - ring of willpower
HPRegen 0.25/turn    h - ring of protection from cold
MPRegen 0.09/turn

%: reflection
@: about to teleport
A: sickness immunity, AC +4, negative energy resistance 1, electricity
resistance, torment resistance 1, petrification resistance
a: no special abilities


You were on level 4 of the Dungeon.
You visited 1 branch of the dungeon, and saw 4 of its levels.

You collected 162 gold pieces.


Innate Abilities, Weirdness & Mutations

You are immune to sickness and miasma.
Your stone body is resilient. (AC +4)
You are immune to poison.
You resist negative energy. (rN+)
You are resistant to electric shocks. (rElec)
You are resistant to unholy torment.
You are immune to petrification.


   Skills:
 + Level 3.6 Fighting
 - Level 5.1 Axes
 - Level 3.2 Armour
 - Level 3.2 Shields


You had 4 spell levels left.
You didn't know any spells.
Your spell library was empty.

Inventory:

Hand Weapons
 r - a +0 whip
 Y - a +0 war axe (weapon)
Armour
 b - a +0 scale mail (worn)
 c - a +0 buckler (worn)
 m - a +0 pair of gloves (worn)
Jewellery
 h - a ring of protection from cold (right hand)
 i - an amulet of reflection (around neck)
 o - a ring of willpower (left hand)
Scrolls
 f - a scroll of torment {unknown}
 l - a scroll of identify
Potions
 a - a potion of curing
 d - 3 potions of might
 e - a potion of resistance
 k - a potion of mutation

Dungeon Overview and Level Annotations

Branches:
Dungeon (4/15)
 Temple: D:4-7

Altars:
Cheibriados

Shops:
D:3 =


Message History

You closely miss the quokka. You block the quokka's attack.
The quokka bites you but does no damage.
You barely miss the quokka. The quokka closely misses you.
The quokka bites you but does no damage.
You barely miss the quokka.
The quokka bites you but does no damage.
You hit the quokka but do no damage. You block the quokka's attack. x2
You slash the quokka!
You kill the quokka!
Found an escape hatch in the ceiling.
A quokka and an ogre come into view.
The ogre shouts!
You hit the quokka.
The quokka is almost dead.
The quokka twitches its whiskers.
You block the quokka's attack. The quokka bites you.
You slash the quokka!
You kill the quokka!
You barely miss the ogre. The ogre hits you with a +0 giant club.
You hit the ogre.
The ogre is lightly wounded.
The ogre closely misses you.
You barely miss the ogre.
The ogre is lightly wounded.
The ogre hits you with a +0 giant club.
You slash the ogre!
The ogre is severely wounded.
The ogre hits you with a +0 giant club!!
Ouch! That really hurt!
2647 ||| READING scroll of teleportation.
As you read the scroll of teleportation, it crumbles to dust.
You feel strangely unstable.
You hit the ogre.
The ogre is almost dead.
The ogre hits you with a +0 giant club!
You die...

#........#
##........
........
###..?...
###.......
.........
#....O#
#.##.<..@#
#........#
####....#
#......#.#
#.######.##
.#
#.......#
#.#
#.####..#
#.#
#..###.#
#......#


You could see an ogre.

Vanquished Creatures
  An orc priest (D:3)
  An orc wizard (D:3)
  6 adders
  4 worms
  4 orcs (D:3)
  8 ball pythons
  6 endoplasms
  A giant cockroach (D:1)
  8 goblins
  3 hobgoblins
  4 jackals (D:1)
  4 kobolds
  4 quokkas
  6 bats
  3 frilled lizards
  6 rats
69 creatures vanquished.

Notes
Turn   | Place    | Note
-------+----------+-------------------------------------------
     0 | D:1      | qw the Gargoyle Fighter began the quest for the Orb.
     0 | D:1      | Reached XP level 1. HP: 14/14 MP: 1/1
     0 | D:1      | 0 ||| qw: Version: 0.2-a-107-g4668610
     0 | D:1      | 0 ||| qw: Game counter: 1236
     0 | D:1      | 0 ||| qw: Always use a shield: true
     0 | D:1      | 0 ||| qw: God list: Okawaru
     0 | D:1      | 0 ||| qw: Allow faded altars: false
     0 | D:1      | 0 ||| qw: Do Orc after D:15 true
     0 | D:1      | 0 ||| qw: Do second Lair branch before Depths: true
     0 | D:1      | 0 ||| qw: Lair rune preference: random
     0 | D:1      | 0 ||| qw: Plans: Normal, Zot:1-4, Slime:5, God:TSO, Crypt,
                  | Tomb, Abyss, Pan, Hells, Win
     0 | D:1      | 0 ||| PLANNING D:1-11
    95 | D:1      | Reached skill level 2 in Axes
   143 | D:1      | Reached XP level 2. HP: 17/19 MP: 2/2
   183 | D:1      | 183 ||| Stepping ~*~*~tactically~*~*~ (stealth).
   472 | D:1      | Reached skill level 3 in Axes
   694 | D:1      | Reached XP level 3. HP: 19/23 MP: 3/3
   800 | D:1      | 800 ||| UPGRADING to amulet of reflection.
   805 | D:1      | 805 ||| DROPPING ring of magical power.
   806 | D:1      | 806 ||| UPGRADING to ring of willpower.
   807 | D:1      | 807 ||| READING scroll labelled ZESSAK UMODD.
   808 | D:1      | 808 ||| READING scroll labelled YSHEYLEZEUD.
   809 | D:1      | 809 ||| READING scroll labelled ZUCZEGIOKO.
   814 | D:1      | 814 ||| READING scroll labelled AHICIHODAS.
   915 | D:1      | 915 ||| DRINKING 2 ruby potions.
  1252 | D:2      | Reached XP level 4. HP: 26/28 MP: 4/4
  1590 | D:2      | 1590 ||| DROPPING +0 club.
  1761 | D:2      | Reached skill level 4 in Axes
  1857 | D:2      | 1857 ||| DROPPING orb of guile.
  1858 | D:2      | 1858 ||| UPGRADING to ring of protection from cold.
  1859 | D:2      | 1859 ||| DROPPING +6 ring of intelligence.
  1860 | D:2      | 1860 ||| READING scroll labelled TODUXK MALIETT.
  1861 | D:2      | 1861 ||| READING scroll labelled RIUPRU XOCILL.
  1862 | D:2      | 1862 ||| READING scroll labelled QASSIH LENIR.
  1983 | D:3      | HP: 7/28 [orc/staff of air (1)]
  1984 | D:3      | 1984 ||| DRINKING potion of heal wounds.
  1990 | D:3      | Reached XP level 5. HP: 20/32 MP: 5/5
  1993 | D:3      | Reached skill level 5 in Axes
  2239 | D:3      | Found Ameukhol's Jewellery Shoppe.
  2247 | D:3      | 2247 ||| SHOPLISTING +6 ring of strength (432 gold, have
                  | 151).
  2247 | D:3      | 2247 ||| SHOPLISTING ring of resist corrosion (240 gold,
                  | have 151).
  2247 | D:3      | 2247 ||| SHOPLISTING ring of willpower (300 gold, have
                  | 151).
  2518 | D:3      | 2518 ||| UPGRADING to +0 pair of gloves.
  2523 | D:3      | 2523 ||| READING scroll labelled UTZAEBLYTI.
  2524 | D:3      | 2524 ||| READING scroll labelled AXTUAZOKER.
  2525 | D:3      | 2525 ||| DRINKING 2 murky clear potions.
  2526 | D:3      | 2526 ||| READING 5 scrolls of identify.
  2526 | D:3      | 2526 ||| IDENTIFYING brown potion
  2527 | D:3      | 2527 ||| READING 4 scrolls of identify.
  2527 | D:3      | 2527 ||| IDENTIFYING emerald potion
  2528 | D:3      | 2528 ||| READING 3 scrolls of identify.
  2528 | D:3      | 2528 ||| IDENTIFYING lumpy silvery potion
  2529 | D:3      | 2529 ||| READING 2 scrolls of identify.
  2529 | D:3      | 2529 ||| IDENTIFYING coppery potion
  2530 | D:3      | 2530 ||| DROPPING potion of flight.
  2531 | D:3      | 2531 ||| DROPPING potion of degeneration.
  2578 | D:4      | Found a snail-covered altar of Cheibriados.
  2636 | D:4      | Noticed an ogre
  2646 | D:4      | HP: 3/32 [ogre/+0 giant club (21)]
  2647 | D:4      | 2647 ||| READING scroll of teleportation.
  2648 | D:4      | Slain by an ogre

Levels and vault maps discovered:
D:1:      dpeg_arrival_water_temple_mockup, layout_loops_ring
D:2:      layout_loops_corners
D:3:      layout_basic, serial_shops, nicolae_shop_trees, nicolae_wormholes
D:4:      layout_basic, cheibriados_altar_1, nicolae_xom_altar_mimics

Skill      XL: |  1  2  3  4  5 |
---------------+----------------+-----
Axes           | 2 3 4 5 |  5.1
Fighting       | |  3.6
Armour         | |  3.2
Shields        | |  3.2

Action                     |  1- 3 |  4- 6 || total
---------------------------+-------+-------++-------
  Melee: War axe           |    95 |   105 ||   200
    Use: Scroll            |     4 |    10 ||    14
         Potion            |     1 |     2 ||     3
 Armour: Scale mail        |    53 |    57 ||   110
  Dodge: Dodged            |    35 |    32 ||    67
  Block: Buckler           |    19 |    40 ||    59

Table legend:
 A = Non-vault XP
 B = Vault XP
 C = Vault XP percentage of total XP
 D = Non-vault monster count
 E = Vault monster count
 F = Vault count percentage of total count
                 A         B        C        D         E       F
            +---------+---------+-------+---------+---------+-------
      Total |     264 |      10 |   3.6 |      67 |       2 |   2.9
            +---------+---------+-------+---------+---------+-------
        D:1 |      35 |       0 |   0.0 |      21 |       0 |   0.0
        D:2 |      76 |       0 |   0.0 |      23 |       0 |   0.0
        D:3 |     135 |      10 |   6.9 |      19 |       2 |   9.5
        D:4 |      18 |       0 |   0.0 |       4 |       0 |   0.0
            +---------+---------+-------+---------+---------+-------
